 Dungeon Crawl Stone Soup version 0.19-a0-713-g934ebc7 (webtiles) character file.

164 st0uf the Covered (level 5, -1/42 HPs)
             Began as a Formicid Fighter on June 20, 2016.
             Slain by a worm (9 damage)
             ... on level 3 of the Dungeon.
             The game lasted 00:07:44 (2455 turns).

st0uf the Covered (Formicid Fighter)                Turns: 2455, Time: 00:07:44

Health: -1/42      AC:  7    Str: 21    XL:     5   Next: 73%
Magic:  5/5        EV:  3    Int:  7    God:
Gold:   134        SH:  9    Dex: 11    Spells: 0 memorised, 4 levels left

rFire  . . .     SeeInvis +     a - +0 war axe
rCold  . . .     Gourm    .     b - +0 scale mail
rNeg   . . .     Faith    .     c - +0 shield
rPois  .         Spirit   .     (helmet unavailable)
rElec  .         Dismiss  .     (no cloak)
rCorr  +         Reflect  .     (no gloves)
SustAt .         Harm     .     (no boots)
MR     .....                    (no amulet)
Stlth  ..........               (no ring)
                                u - ring of resist corrosion

@: not resistant to hostile enchantments, extremely unstealthy
A: permanent stasis, dig shafts and tunnels, four strong arms, antennae 3
a: Dig, Shaft Self


You were on level 3 of the Dungeon.
You were not hungry.

You visited 1 branch of the dungeon, and saw 3 of its levels.

You collected 134 gold pieces.

Inventory:

Hand Weapons
 a - a +0 war axe (weapon)
Missiles
 s - 55 stones (quivered)
Armour
 b - a +0 scale mail (worn)
 c - a +0 shield (worn)
Jewellery
 u - a ring of resist corrosion (left hand)
Wands
 x - a wand of slowing (12/48)
Scrolls
 g - 3 scrolls of identify {unknown}
 h - 2 scrolls of recharging {unknown}
 i - a scroll of random uselessness {unknown}
 l - 3 scrolls of blinking {unknown}
 m - a scroll of immolation {unknown}
 n - a scroll of fear {unknown}
 o - 2 scrolls of fog {unknown}
 q - a scroll of magic mapping {unknown}
 r - 2 scrolls of remove curse {unknown}
 t - a scroll of teleportation {unknown}
Potions
 d - a potion of might
 e - a potion of curing {unknown}
 k - 2 potions of berserk rage {unknown}
 v - a potion of heal wounds {unknown}
 z - 2 potions of degeneration {unknown}
 A - a potion of mutation {unknown}
Books
 y - a book of Callings

   Spells                             Type                      Level
   a - Summon Small Mammal            Summoning                    1
   b - Call Imp                       Summoning                    2
   c - Call Canine Familiar           Summoning                    3
   d - Summon Guardian Golem          Hexes/Summoning              3
   e - Summon Lightning Spire         Summoning/Air                4
   f - Summon Ice Beast               Ice/Summoning                4
Comestibles
 f - a bread ration
 j - 2 meat rations
 p - a slice of pizza
 w - 6 chunks of flesh


   Skills:
 + Level 4.1 Fighting
 * Level 3.2 Axes
 + Level 4.3 Armour
 + Level 1.7 Dodging
 + Level 3.9 Shields


You had 4 spell levels left.
You didn't know any spells.

Dungeon Overview and Level Annotations

Branches:
Dungeon (3/15)

Altars:
Gozag
Sif Muna

Annotations:
D:3 tstbtto's ghost, amateur HOFi


Innate Abilities, Weirdness & Mutations

You are under a permanent stasis effect.
You can dig through walls and to a lower floor.
Your four strong arms can wield two-handed weapons with a shield.
You have a pair of large antennae on your head. (SInv)


Message History

A kobold comes into view. It is wielding a dagger.
Wield which item (- for none, * to show all)? (? for menu, Esc to quit)
Okay, then.
You slash the hobgoblin!
You kill the hobgoblin!
You hit the jackal but do no damage. The jackal barely misses you.
The kobold moves out of view.
An adder and a jackal come into view.
The jackal barks!
You slash the jackal!
You kill the jackal!
The jackal bites you.
* * * LOW HITPOINT WARNING * * *
You completely miss the jackal. The jackal closely misses you.
The jackal bites you but does no damage.
The jackal closely misses you. The jackal bites you.
* * * LOW HITPOINT WARNING * * *
The jackal barely misses you. The worm bites you!
You die...

. .# #.
.# #.#
.# #..#
.# ...
.#
#.###.#
#...#w#
#.@.#
##hh#


wsS.h{{ ..#.##.<. ... .. ... ...# ... .. .... .##. . ..... .# .. You could see 2
worms, an adder, 3 jackals and a giant cockroach.

Vanquished Creatures
  Natasha (thrice) (D:2)
  3 adders
  2 worms (D:2)
  2 dart slugs (D:2)
  A giant gecko (D:2)
  3 orcs (D:3)
  A ball python (D:1)
  A giant cockroach (D:1)
  2 goblins (D:1)
  4 hobgoblins
  9 jackals
  5 bats
  3 giant newts
  5 kobolds
  9 rats
53 creatures vanquished.

Notes
Turn   | Place    | Note
--------------------------------------------------------------
     0 | D:1      | st0uf the Formicid Fighter began the quest for the Orb.
     0 | D:1      | Reached XP level 1. HP: 18/18 MP: 1/1
   124 | D:1      | Reached XP level 2. HP: 19/24 MP: 2/2
  1100 | D:2      | Reached XP level 3. HP: 29/30 MP: 3/3
  1133 | D:2      | Reached skill level 1 in Dodging
  1246 | D:2      | Noticed Natasha
  1258 | D:2      | Killed Natasha
  1258 | D:2      | Reached XP level 4. HP: 9/37 MP: 4/4
  1639 | D:2      | Noticed Natasha
  1646 | D:2      | Killed Natasha
  1656 | D:2      | Noticed Natasha
  1668 | D:2      | Killed Natasha
  1668 | D:2      | Reached XP level 5. HP: 23/42 MP: 5/5
  2104 | D:2      | Found an opulent altar of Gozag.
  2240 | D:2      | Found a deep blue altar of Sif Muna.
  2334 | D:3      | Noticed tstbtto's ghost (amateur HOFi)
  2455 | D:3      | Slain by a worm

Vault maps used:
D:1:      shiori_arrival_oz, minmay_box_of_dots
D:2:      grunt_gozag_statues, led_sif_pool, uniq_natasha
D:3:      gup_sewer_entry_bowl, guppyfry_early_lair_pool

Skill      XL: |  1  2  3  4  5 |
---------------+----------------+-----
Dodging        | 1 |  1.7
Armour         | 4 |  4.3
Fighting       | 4 |  4.1
Axes           | 3 |  3.2
Shields        | |  3.9

Action                   |  1- 3 |  4- 6 || total
-------------------------+-------+-------++-------
Melee: War axe           |   100 |    74 ||   174
  Eat: Chunk             |     1 |     4 ||     5
Armor: Scale mail        |    52 |    40 ||    92
Dodge: Dodged            |    41 |    18 ||    59
Block: Shield            |    48 |    42 ||    90
